 Dungeon Crawl Stone Soup version 0.30-a0-29-g142975f185 (webtiles) character file.

Game seed: 2774026248911810135

137 ytrimaz the Trooper (level 5, 0/61 HPs)
             Began as a Demonspawn Fighter on Aug 26, 2022.
             Succumbed to an orc wizard's poison
             ... on level 4 of the Dungeon.
             The game lasted 00:02:37 (3501 turns).

ytrimaz the Trooper (Demonspawn Fighter)            Turns: 3501, Time: 00:02:37

Health: 0/61       AC: 15    Str: 18    XL:     5   Next: 0%
Magic:  5/5        EV:  9    Int:  9    God:
Gold:   110        SH: 10    Dex: 13    Spells: 4/4 levels left

rFire   . . .      SeeInvis .    a - +0 rapier
rCold   . . .      Faith    .    c - +0 buckler
rNeg    . . .      Spirit   .    b - +0 scale mail
rPois   .          Reflect  +    (helmet restricted)
rElec   .          Harm     .    (no cloak)
rCorr   .          Rampage  .    (no gloves)
Will    .....                    (no boots)
Stlth   ..........               i - amulet of reflection
HPRegen 0.20/turn                (no ring)
MPRegen 0.09/turn                (no ring)

@: berserking, lethally poisoned (0 -> -25), sanguine armoured, very quick
A: horns 1, sanguine armour 2
a: no special abilities


You were on level 4 of the Dungeon.
You visited 1 branch of the dungeon, and saw 4 of its levels.

You collected 110 gold pieces.

Inventory:

Hand Weapons
 a - a +0 rapier (weapon)
Armour
 b - a +0 scale mail (worn)
 c - a +0 buckler (worn)
Jewellery
 i - an amulet of reflection (around neck)
Scrolls
 e - a scroll of enchant armour
 f - a scroll of poison
 j - a scroll of magic mapping
 m - a scroll of fear {unknown}
 n - 3 scrolls of noise
Potions
 d - 2 potions of might
 g - a potion of attraction
 o - a potion of degeneration {unknown}


   Skills:
 + Level 3.6 Fighting
 + Level 3.0 Short Blades
 - Level 3.5 Armour
 - Level 3.3 Shields


You had 4 spell levels left.
You didn't know any spells.
Your spell library contained the following spells:

 Spells                   Type           Power      Damage    Failure   Level
 Ignite Poison            Fire/Tmut/Pois 0%         N/A       99%         3
 Mephitic Cloud           Conj/Pois/Air  0%         N/A       99%         3
 Hailstorm                Conj/Ice       0%         3d3       100%        4
 Ice Form                 Ice/Tmut       0%         N/A       100%        4
 Freezing Cloud           Conj/Ice/Air   0%         6-21      100%        5
 Simulacrum               Ice/Necr       0%         N/A       100%        6


Dungeon Overview and Level Annotations

Branches:
Dungeon (4/15)
 Temple: D:4-7

Altars:

Shops:
D:1 =?


Innate Abilities, Weirdness & Mutations

You have a pair of small horns on your head.
When seriously injured, your blood forms thick armour. (AC +9)


Message History

It was a potion of berserk rage.
A red film seems to cover your vision as you go berserk!
You feel yourself moving faster!
You feel mighty!
You feel very sick.
Unknown command.
You are too berserk!
Calm down first, please.
Unknown command.
You hit the orc.
The orc is moderately wounded.
You feel sick. Something hits you but does no damage.
You are lethally poisoned!
You hit the orc.
You kill the orc!
* * * LOW HITPOINT WARNING * * *
You feel very sick.
You have reached level 5!
Your demonic ancestry asserts itself...
A pair of horns grows on your head!
You closely miss something.
* * * LOW HITPOINT WARNING * * *
You feel very sick. Something hits you but does no damage.
The orc hits you but does no damage.
You puncture something! Your headbutt misses something.
* * * LOW HITPOINT WARNING * * *
You feel sick. The orc hits you but does no damage. Something hits you.
* * * LOW HITPOINT WARNING * * *
Unknown command.
You closely miss something. Your headbutt misses something.
* * * LOW HITPOINT WARNING * * *
You feel sick. The orc completely misses you.
You closely miss something.
* * * LOW HITPOINT WARNING * * *
You feel sick. Something hits you.
* * * LOW HITPOINT WARNING * * *
You are more poisoned.
You block the orc's attack.
Unknown command.
You closely miss something. Your headbutt misses something.
You die...

#...# ##.......#
#...#####........#
##..........#.#>#.#
............#.#...###o.
................?....o
.<...........#...)#
.#.....###......o.#
.#.............{o##
.#...#.#.###.#.#@#
.#...#.#.# #........#
.#.....#.# #..##.##.#
.......#.# #..##... ..
..#.##.#.# #......#.
#.# ..#......# ##.###.#
. ..#. ..... .# .#
#.##. ..


You could see 2 orcs.

Vanquished Creatures
  An iguana (D:4)
  5 adders
  3 dart slugs
  3 orcs
  8 bats
  7 endoplasms
  A giant cockroach (D:1)
  2 goblins
  5 hobgoblins
  2 quokkas
  5 ball pythons
  5 frilled lizards
  6 kobolds
  9 rats
62 creatures vanquished.

Notes
Turn   | Place    | Note
-------+----------+-------------------------------------------
     0 | D:1      | ytrimaz the Demonspawn Fighter began the quest for the Orb.
     0 | D:1      | Reached XP level 1. HP: 18/18 MP: 1/1
   249 | D:1      | Gained mutation: When seriously injured, your blood forms
                  | armour. (AC +9) [demonic ancestry]
   249 | D:1      | Reached XP level 2. HP: 24/24 MP: 2/2
   925 | D:1      | Found Luifoem's Magic Scroll Boutique.
   936 | D:1      | Found Tarph's Jewellery Shoppe.
  1177 | D:1      | Gained mutation: When seriously injured, your blood forms
                  | thick armour. (AC +9) [demonic ancestry]
  1177 | D:1      | Reached XP level 3. HP: 25/29 MP: 3/3
  1821 | D:2      | Reached XP level 4. HP: 13/35 MP: 4/4
  2233 | D:2      | Found a faded altar of an unknown god.
  3497 | D:4      | Gained mutation: You have a pair of small horns on your
                  | head. [demonic ancestry]
  3497 | D:4      | Reached XP level 5. HP: 18/41 MP: 5/5
  3501 | D:4      | Succumbed to an orc wizard's poison

Illustrated notes

Levels and vault maps discovered:
D:1:      dpeg_arrival_simpleton_c, layout_basic, serial_shops, shop,
          nicolae_shop_stone, minmay_pentomino_x4
D:2:      layout_rooms, serial_rivers, chequers_serial_rivers_room_b,
          chequers_serial_rivers_micro_d, chequers_serial_rivers_micro_a,
          chequers_serial_rivers_micro_e, chequers_serial_rivers_room_b,
          basic_ecumenical_altar, minivault_23, minmay_misc_feat_five
D:3:      layout_loops_ring
D:4:      layout_loops_cross, temple_fountains, kennysheep_nondescript,
          uniq_menkaure, uniq_sigmund

Skill      XL: |  1  2  3  4 |
---------------+-------------+-----
Shields        | 3 |  3.3
Short Blades   | 2 3 |  3.0
Armour         | 3 |  3.5
Fighting       | |  3.6

Action                   |  1- 3 |  4- 6 || total
-------------------------+-------+-------++-------
Melee: Rapier            |   165 |   115 ||   280
  Use: Scroll            |     6 |     3 ||     9
       Potion            |       |     2 ||     2
Armor: Scale mail        |   104 |    68 ||   172
Dodge: Dodged            |    93 |    39 ||   132
Block: Buckler           |    45 |    58 ||   103
       Reflection        |       |     1 ||     1

Table legend: (Time is in decaauts)
 A = Elapsed time spent in this place.
 B = Non-inter-level travel time spent in this place.
 C = Inter-level travel time spent in this place.
 D = Time resting spent in this place.
 E = Time spent auto-exploring this place.
 F = Levels seen in this place.
 G = Mean time per level.
                   A        B        C        D        E       F      G
               +--------+--------+--------+--------+--------+-----+--------+
         Total |   3539 |   3492 |     47 |     26 |   2913 |   4 |  884.8 |
       Dungeon |   3539 |   3492 |     47 |     26 |   2913 |   4 |  884.8 |
               +--------+--------+--------+--------+--------+-----+--------+

Top non-repeatable levels by time:
     D:1: 1490 daAuts
     D:2: 1021 daAuts
     D:3: 786 daAuts
     D:4: 241 daAuts
